 Dungeon Crawl Stone Soup version 0.17-a0-1311-gbcbd859 (webtiles) character file.

3375 Fluffy the Basher (level 10, 0/61 HPs)
             Began as a Gargoyle Fighter on June 8, 2015.
             Was a Follower of Okawaru.
             Killed by nerve-wracking pain
             ... invoked by Menkaure
              (13 damage)
             ... on level 7 of the Dungeon.
             The game lasted 00:14:09 (6568 turns).

Fluffy the Basher (Gargoyle Fighter)                Turns: 6568, Time: 00:14:09

Health: 0/61       AC: 25    Str: 19    XL:     10   Next: 3%
Magic:  9/11       EV:  8    Int: 10    God:    Okawaru [*.....]
Gold:   401        SH: 12    Dex: 12    Spells: 0 memorised, 9 levels left

rFire  . . .     SeeInvis .     j - +1 whip (elec)
rCold  . . .     Clarity  .     b - +0 plate armour
rNeg   + . .     SustAt   +     c - +0 shield
rPois  ∞         Gourm    .     r - +0 helmet
rElec  +         Spirit   .     (no cloak)
rCorr  .         Warding  .     (no gloves)
rMut   .         Stasis   +     s - +0 pair of boots
MR     .....                    u - amulet of stasis
Stlth  ..........               (no ring)
                                t - ring of sustain attributes

@: heroism, not resistant to hostile enchantments, extremely unstealthy
A: negative energy resistance 1, electricity resistance, unbreathing,
petrification resistance, rot immunity, AC +7
a: Heroism, Renounce Religion


You were on level 7 of the Dungeon.
You worshipped Okawaru.
Okawaru was aware of your devotion.
You were not hungry.

You visited 2 branches of the dungeon, and saw 8 of its levels.

You collected 401 gold pieces.

Inventory:

Hand weapons
 j - a +1 whip of electrocution (weapon)
 y - a +0 flail of protection
Armour
 b - a +0 plate armour (worn)
 c - a +0 shield (worn)
 r - a +0 helmet (worn)
 s - a +0 pair of boots (worn)
Jewellery
 t - a ring of sustain attributes (left hand)
 u - an amulet of stasis (around neck)
 B - an uncursed ring of fire
Magical devices
 a - a wand of fireball (7)
Scrolls
 f - a scroll of fear {unknown}
 k - 7 scrolls of identify {unknown}
 l - 3 scrolls of noise {unknown}
 o - 3 scrolls of enchant armour {unknown}
 p - 4 scrolls of remove curse {unknown}
 v - a scroll of fog {unknown}
 w - 4 scrolls of random uselessness {unknown}
 A - a scroll of magic mapping {unknown}
Potions
 d - 2 potions of might
 g - a potion of haste {unknown}
 h - 3 potions of heal wounds {unknown}
 i - 2 potions of mutation {unknown}
 n - 3 potions of curing {unknown}
 x - 2 potions of resistance {unknown}
 z - 3 potions of degeneration {unknown}
Comestibles
 e - 6 bread rations
 m - 3 meat rations
 q - 2 royal jellies
 C - 9 fruits
 D - 5 chunks of flesh
 E - a beef jerky


   Skills:
 + Level 6.7(11.7) Fighting
 + Level 10.0(15.0) Maces & Flails
 + Level 6.7(11.7) Armour
 + Level 7.0(12.0) Shields
 + Level 2.4 Invocations


You had 9 spell levels left.
You didn't know any spells.

Dungeon Overview and Level Annotations

Branches:
Dungeon (7/15)             Temple (1/1) D:7

Altars:
Ashenzari
Cheibriados
Dithmenos
Gozag
Kikubaaqudgha
Nemelex Xobeh
Okawaru
Qazlal
Ru
Vehumet
Xom
Yredelemnul
Zin
The Shining One

Annotations:
D:7 Menkaure


Innate Abilities, Weirdness & Mutations

You are resistant to torment.
Your stone body is resilient (AC +7).
You are immune to poison.
You resist negative energy.
You are resistant to electric shocks.
You can survive without breathing.
You are immune to petrification.
You are immune to rotting.


Message History

You hit the centaur.
The centaur is almost dead.
The centaur hits you but does no damage.
Menkaure gestures at you while chanting.
You struggle to resist.
You barely miss the centaur.
The centaur is almost dead.
You block the centaur's attack.
Menkaure's bandages flutter.
Menkaure hits you!
* * * LOW HITPOINT WARNING * * *
The centaur hits you.
* * * LOW HITPOINT WARNING * * *
You see here 2 arrows.
Use which ability? (? or * to list)
You gain the combat prowess of a mighty hero.
You feel slightly more hungry. You block Menkaure's attack.
Menkaure gestures at you while chanting.
Pain shoots through your body!
You die...

....... #......## ##
........##.
#.........#
..........
#.#........
#......%.c# #.##.#
#M# #..#.# #@#
#..#.# ##(##
#..#.###(..##
###..#.##.....##
##.#....#..>....##
###...###..........#
#..)..# #...†......+
#.#...# #..........#
#.##.#...##....[..##


You could see Menkaure and a centaur.

Vanquished Creatures
  Pikel (D:5)
  Joseph (D:7)
  A two-headed ogre (D:6)
  A hippogriff (D:7)
  An orc warrior (D:6)
  An ice beast (D:7)
  3 ogres
  2 centaurs
  The ghost of PeterLawrence the Skirmisher, an average GrFi (D:3)
  5 giant frogs
  2 scorpions
  2 crimson imps
  A giant frog zombie (D:7)
  6 orc wizards
  3 orc priests
  A centaur zombie (D:4)
  4 hounds
  A jelly (D:7)
  2 centaur skeletons (D:7)
  2 iguanas
  3 worker ants
  A hound skeleton (D:7)
  Robin (D:2)
  12 adders
  8 gnolls
  2 shadow imps (D:5)
  3 oozes
  A worm (D:2)
  3 adder skeletons
  2 giant geckos
  20 orcs
  10 bats
  4 bat skeletons
  A bat zombie (D:4)
  2 giant cockroaches
  20 hobgoblins
  20 jackals
  A quokka (D:4)
  6 ball pythons
  12 giant newts
  23 goblins
  13 kobolds
  A quokka zombie (D:6)
  11 rats
  3 rat zombies (D:4)
224 creatures vanquished.

Notes
Turn   | Place    | Note
--------------------------------------------------------------
     0 | D:1      | Fluffy the Gargoyle Fighter began the quest for the Orb.
     0 | D:1      | Reached XP level 1. HP: 14/14 MP: 1/1
   207 | D:1      | Reached XP level 2. HP: 19/19 MP: 2/2
   603 | D:2      | Reached XP level 3. HP: 20/23 MP: 3/3
   886 | D:2      | Noticed Robin
   890 | D:2      | Reached skill level 4 in Maces & Flails
   903 | D:2      | Killed Robin
   903 | D:2      | Reached XP level 4. HP: 24/28 MP: 4/4
   980 | D:2      | Found a shadowy altar of Dithmenos.
  1409 | D:3      | Reached skill level 5 in Maces & Flails
  1409 | D:3      | Reached XP level 5. HP: 14/32 MP: 5/5
  1711 | D:3      | Found a sacrificial altar of Ru.
  1719 | D:3      | Noticed PeterLawrence's ghost (average GrFi)
  1802 | D:3      | Killed PeterLawrence's ghost
  1802 | D:3      | Reached skill level 6 in Maces & Flails
  1995 | D:3      | Reached XP level 6. HP: 37/37 MP: 6/6
  2436 | D:3      | Found a shattered altar of Ashenzari.
  2495 | D:4      | Reached skill level 7 in Maces & Flails
  2632 | D:4      | Reached XP level 7. HP: 35/41 MP: 7/7
  2926 | D:4      | Reached skill level 8 in Maces & Flails
  3105 | D:4      | Found a snail-covered altar of Cheibriados.
  3180 | D:4      | Found an ancient bone altar of Kikubaaqudgha.
  3359 | D:5      | Entered Level 5 of the Dungeon
  3565 | D:5      | Reached XP level 8. HP: 33/46 MP: 8/8
  3962 | D:5      | Found a glowing silver altar of Zin.
  4017 | D:5      | Noticed Pikel
  4040 | D:5      | Killed Pikel
  4040 | D:5      | Reached skill level 9 in Maces & Flails
  4136 | D:5      | Reached skill level 5 in Shields
  4145 | D:5      | Reached skill level 5 in Fighting
  4145 | D:5      | Reached skill level 5 in Armour
  4674 | D:6      | Reached XP level 9. HP: 54/54 MP: 9/9
  4788 | D:6      | Noticed a two-headed ogre
  4795 | D:6      | Killed a two-headed ogre
  5689 | D:7      | Found a staircase to the Ecumenical Temple.
  5700 | Temple   | Entered the Ecumenical Temple
  5872 | Temple   | Became a worshipper of Warmaster Okawaru
  6107 | D:7      | Noticed Joseph
  6140 | D:7      | Killed Joseph
  6140 | D:7      | Reached skill level 1 in Invocations
  6379 | D:7      | Acquired Okawaru's first power
  6379 | D:7      | Reached skill level 10 in Maces & Flails
  6419 | D:7      | Reached XP level 10. HP: 57/61 MP: 11/11
  6556 | D:7      | Noticed Menkaure
  6568 | D:7      | Killed from afar by Menkaure

Vault maps used:
D:1:      erik_arrival_triangle_medium
D:2:      grunt_dithmenos_smoke, minmay_misc_feat_roman, minmay_newt_pond,
          uniq_robin
D:3:      lemuel_round_altar, old_standard_altar, first_bread
D:4:      lemuel_zombie_altar_kikubaaqudgha, lemuel_coloured_pillars_altar,
          minmay_snake_closets
D:5:      lemuel_round_altar, uniq_pikel
D:7:      minmay_temple_entry_overgrown, uniq_joseph, uniq_menkaure
Temple:   jpeg_temple_alley_garden_8

Action                   |  1- 3 |  4- 6 |  7- 9 | 10-12 || total
-------------------------+-------+-------+-------+-------++-------
Melee: Flail             |    27 |       |       |       ||    27
       Whip              |    96 |   229 |   453 |    14 ||   792
Invok: Heroism           |       |       |       |     1 ||     1
  Eat: Chunk             |       |     6 |    12 |     1 ||    19
